[Event "Klatovy Open-B 2024"]
[Site "Klatovy"]
[Date "2024.07.06"]
[Round "8.1"]
[White "Koper, Stefan"]
[Black "Kaderabek, Jiri"]
[Result "1/2-1/2"]
[ECO "A57"]
[WhiteElo "1845"]
[BlackElo "1984"]
[Annotator "RC"]
[PlyCount "35"]
[EventDate "2024.06.21"]
[EventType "swiss"]
[EventCountry "CZE"]
[SourceTitle "playchess.com"]
[Source "ChessBase"]
[SourceQuality "1"]
[TimeControl "40/7200:0"]

1. d4 Nf6 2. Nf3 c5 3. d5 g6 4. c4 b5 5. cxb5 a6 6. b6 d6 7. Nc3 Nbd7 8. a4 Qxb6 9. a5 Qb7 10. e4 Bg7 11. Be2 O-O 12. O-O Ne8 13. Nd2 Nc7 14. Nc4 Rb8 15. Na4 Nb5 16. Nab6 Nd4 17. Rb1 Nxb6 18. Nxb6 1/2-1/2

[Event "Klatovy Open-B 2024"]
[Site "Klatovy"]
[Date "2024.07.06"]
[Round "8.2"]
[White "Beran, Jakub"]
[Black "Slansky, Jachym"]
[Result "1/2-1/2"]
[ECO "A29"]
[WhiteElo "1791"]
[BlackElo "1665"]
[Annotator "NA RC"]
[PlyCount "63"]
[EventDate "2024.06.21"]
[EventType "swiss"]
[EventCountry "CZE"]
[SourceTitle "playchess.com"]
[Source "ChessBase"]
[SourceQuality "1"]
[TimeControl "40/7200:0"]

1. c4 e5 2. Nc3 Nf6 3. Nf3 Nc6 4. d3 d5 5. cxd5 Nxd5 6. g3 Be7 7. Bd2 Nb6 8. Bg2 O-O 9. O-O Be6 10. b3 f5 11. Qc1 h6 12. Qb2 Bf6 13. Rad1 Qe7 14. Qb1 Nd4 15. e3 Nxf3+ 16. Bxf3 c6 17. Ne2 Rad8 18. Bc3 Nd5 19. Bb2 Qf7 20. Bg2 g5 21. e4 Nb4 22. d4 exd4 23. exf5 Bd5 24. Bxd5 Rxd5 25. Bxd4 Rfd8 26. a3 Bxd4 27. Nxd4 Rxd4 28. axb4 Rxd1 29. Rxd1 Rxd1+ 30. Qxd1 Qxf5 31. Qd8+ Qf8 32. Qd4 1/2-1/2

[Event "Klatovy Open-B 2024"]
[Site "Klatovy"]
[Date "2024.07.06"]
[Round "8.3"]
[White "Svejdar, Pavel"]
[Black "Vojta, Radek"]
[Result "1-0"]
[ECO "B15"]
[WhiteElo "1721"]
[BlackElo "1693"]
[Annotator "NA RC"]
[PlyCount "51"]
[EventDate "2024.06.21"]
[EventType "swiss"]
[EventCountry "CZE"]
[SourceTitle "playchess.com"]
[Source "ChessBase"]
[SourceQuality "1"]
[TimeControl "40/7200:0"]

1. e4 c6 2. d4 d5 3. Nc3 dxe4 4. Nxe4 Nf6 5. Nxf6+ exf6 6. Nf3 Bd6 7. Bd3 O-O 8. O-O Re8 9. h3 Nd7 10. c3 Nf8 11. Re1 Ng6 12. Rxe8+ Qxe8 13. Qe2 Be6 14. Qc2 Qd7 15. Bf1 Re8 16. Be3 Nf4 17. Bxf4 Bxf4 18. Re1 Bd5 19. Rxe8+ Qxe8 20. Qf5 Bd6 21. Bd3 g6 22. Qxf6 Bxf3 23. Qxd6 Qe1+ 24. Bf1 Be2 25. Qb8+ Kg7 26. Qe5+ 1-0

[Event "Klatovy Open-B 2024"]
[Site "Klatovy"]
[Date "2024.07.06"]
[Round "8.4"]
[White "Masek, Jan"]
[Black "Brychta, David"]
[Result "1-0"]
[ECO "B23"]
[WhiteElo "1839"]
[BlackElo "2124"]
[Annotator "RC"]
[PlyCount "63"]
[EventDate "2024.06.21"]
[EventType "swiss"]
[EventCountry "CZE"]
[SourceTitle "playchess.com"]
[Source "ChessBase"]
[SourceQuality "1"]
[TimeControl "40/7200:0"]

1. e4 c5 2. Nc3 Nc6 3. Bb5 Nd4 4. Nf3 a6 5. Bd3 g6 6. O-O Bg7 7. Nxd4 cxd4 8. Ne2 Nf6 9. c3 dxc3 10. dxc3 d6 11. Ng3 O-O 12. h4 h5 13. Qe2 Bd7 14. Rd1 Qc7 15. Bg5 Bg4 16. f3 Bd7 17. Rd2 Bc6 18. Rad1 b5 19. Qe3 Kh7 20. Bxf6 Bxf6 21. Nxh5 Bxh4 22. Qf4 Qb6+ 23. Kf1 g5 24. e5+ f5 25. exf6+ Kg8 26. Qf5 Rf7 27. Qg6+ Kf8 28. fxe7+ Kxe7 29. Re2+ Kd8 30. Qg8+ Kc7 31. Qxf7+ Bd7 32. Nf6 1-0

[Event "Klatovy Open-B 2024"]
[Site "Klatovy"]
[Date "2024.07.06"]
[Round "8.6"]
[White "Chmelik, Ladislav"]
[Black "Kolman, Pavel Petr"]
[Result "0-1"]
[ECO "E60"]
[WhiteElo "1795"]
[BlackElo "1582"]
[Annotator "NA RC"]
[PlyCount "108"]
[EventDate "2024.06.21"]
[EventType "swiss"]
[EventCountry "CZE"]
[SourceTitle "playchess.com"]
[Source "ChessBase"]
[SourceQuality "1"]
[TimeControl "40/7200:0"]

1. d4 Nf6 2. Nf3 c6 3. c4 d6 4. Nc3 g6 5. g3 Bg7 6. Bg2 O-O 7. O-O Re8 8. e4 Qc7 9. b3 Nbd7 10. Bb2 e6 11. Re1 b6 12. h3 e5 13. Qd2 Bb7 14. d5 c5 15. Nh2 h5 16. f4 a6 17. f5 b5 18. fxg6 fxg6 19. cxb5 axb5 20. Nxb5 Qb6 21. a4 Ba6 22. Bf1 c4+ 23. Qe3 Qxe3+ 24. Rxe3 Bxb5 25. axb5 cxb3 26. Rxb3 Nc5 27. Re3 Nfxe4 28. Rea3 Rxa3 29. Rxa3 Rb8 30. Kg2 Nf6 31. Nf3 Bh6 32. Nh4 Kh7 33. Ra7+ Bg7 34. Bc4 Ncd7 35. Ba3 Bf8 36. Ra6 Nb6 37. Ra7+ Kh6 38. Rf7 Nbxd5 39. Bc1+ g5 40. Nf3 Rc8 41. Bxd5 Nxd5 42. Bxg5+ Kg6 43. Rd7 e4 44. Ne5+ Kxg5 45. Nf7+ Kf6 46. Nxd6 Bxd6 47. Rxd6+ Ke5 48. Rh6 Nf6 49. g4 hxg4 50. hxg4 Nxg4 51. Rh5+ Kd4 52. Kg3 Nf6 53. Rf5 Nd5 54. Kf2 Rb8 0-1

[Event "Klatovy Open-B 2024"]
[Site "Klatovy"]
[Date "2024.07.06"]
[Round "8.7"]
[White "Mojzisova, Barbora"]
[Black "Vo, Daniel"]
[Result "1-0"]
[ECO "B13"]
[WhiteElo "1535"]
[BlackElo "1705"]
[Annotator "NA RC"]
[PlyCount "47"]
[EventDate "2024.06.21"]
[EventType "swiss"]
[EventCountry "CZE"]
[SourceTitle "playchess.com"]
[Source "ChessBase"]
[SourceQuality "1"]
[TimeControl "40/7200:0"]

1. e4 c6 2. Nf3 d5 3. exd5 cxd5 4. d4 Bg4 5. Be2 Bxf3 6. Bxf3 Nc6 7. Nc3 e6 8. O-O h6 9. Re1 Nf6 10. Bf4 Be7 11. Be5 O-O 12. Ne2 Nd7 13. Bg3 Nb6 14. c3 Rc8 15. Qd3 Nc4 16. b3 Nb6 17. Nf4 g5 18. Rxe6 fxe6 19. Qg6+ Kh8 20. Qxh6+ Kg8 21. Nxe6 Rf7 22. Qg6+ Kh8 23. Nxd8 Nxd8 24. Be5+ 1-0

[Event "Klatovy Open-B 2024"]
[Site "Klatovy"]
[Date "2024.07.06"]
[Round "8.8"]
[White "Trejbal, Jindrich"]
[Black "Rezac, Jindrich"]
[Result "1-0"]
[ECO "A36"]
[WhiteElo "1953"]
[BlackElo "1875"]
[Annotator "NA RC"]
[PlyCount "55"]
[EventDate "2024.06.21"]
[EventType "swiss"]
[EventCountry "CZE"]
[SourceTitle "playchess.com"]
[Source "ChessBase"]
[SourceQuality "1"]
[TimeControl "40/7200:0"]

1. e4 c5 2. c4 Nc6 3. d3 d6 4. Nc3 e5 5. g3 g6 6. Bg2 Bg7 7. Nge2 Nge7 8. Nd5 Nxd5 9. cxd5 Nd4 10. Nxd4 cxd4 11. f4 f6 12. fxe5 fxe5 13. O-O Qe7 14. Bd2 Rf8 15. Qa4+ Qd7 16. Qa3 Rxf1+ 17. Rxf1 b6 18. Bb4 Bf8 19. b3 Be7 20. Qc1 Ba6 21. Bh3 Qxh3 22. Qc6+ Qd7 23. Qxa8+ Bc8 24. Rc1 Kd8 25. Qb8 Qb7 26. Bxd6 Qxb8 27. Bxb8 Ba6 28. Rd1 1-0

[Event "Klatovy Open-B 2024"]
[Site "Klatovy"]
[Date "2024.07.06"]
[Round "8.9"]
[White "Martinek, Lukas"]
[Black "Stastny, Matej"]
[Result "1-0"]
[ECO "C29"]
[WhiteElo "1698"]
[BlackElo "1674"]
[Annotator "NA RC"]
[PlyCount "51"]
[EventDate "2024.06.21"]
[EventType "swiss"]
[EventCountry "CZE"]
[SourceTitle "playchess.com"]
[Source "ChessBase"]
[SourceQuality "1"]
[TimeControl "40/7200:0"]

1. e4 e5 2. Nc3 Nf6 3. f4 d5 4. fxe5 Nxe4 5. Qf3 f5 6. exf6 Nxf6 7. d4 Nc6 8. Bb5 Be7 9. Bxc6+ bxc6 10. Qg3 O-O 11. Nf3 Ne4 12. Nxe4 dxe4 13. Ng5 h6 14. Qb3+ Qd5 15. Nxe4 Qxb3 16. cxb3 Ba6 17. Be3 Bb4+ 18. Nc3 Rae8 19. Kd2 c5 20. dxc5 Rd8+ 21. Kc2 Rd3 22. Rhe1 Rfd8 23. a3 Bxc3 24. bxc3 Bb7 25. Bd4 Ba6 26. Re7 1-0

[Event "Klatovy Open-B 2024"]
[Site "Klatovy"]
[Date "2024.07.06"]
[Round "8.10"]
[White "Bukvaj, Jan"]
[Black "Kusova, Nikola"]
[Result "1-0"]
[ECO "D32"]
[WhiteElo "1652"]
[BlackElo "1696"]
[Annotator "NA RC"]
[PlyCount "43"]
[EventDate "2024.06.21"]
[EventType "swiss"]
[EventCountry "CZE"]
[SourceTitle "playchess.com"]
[Source "ChessBase"]
[SourceQuality "1"]
[TimeControl "40/7200:0"]

1. c4 e6 2. Nc3 d5 3. d4 c5 4. Nf3 Nc6 5. Bf4 Nf6 6. e3 a6 7. Rc1 dxc4 8. Bxc4 b5 9. Be2 Bb7 10. O-O Be7 11. dxc5 Bxc5 12. Nxb5 axb5 13. Rxc5 Ne4 14. Qxd8+ Rxd8 15. Rcc1 b4 16. Bb5 Rc8 17. Ne5 g5 18. Nxc6 Bxc6 19. Bxc6+ Ke7 20. Bxe4 gxf4 21. Rxc8 Rxc8 22. exf4 1-0

[Event "Klatovy Open-B 2024"]
[Site "Klatovy"]
[Date "2024.07.06"]
[Round "8.11"]
[White "Kroulik, Stepan"]
[Black "Jelinek, Jan"]
[Result "0-1"]
[ECO "C01"]
[WhiteElo "1688"]
[BlackElo "1662"]
[Annotator "NA RC"]
[PlyCount "122"]
[EventDate "2024.06.21"]
[EventType "swiss"]
[EventCountry "CZE"]
[SourceTitle "playchess.com"]
[Source "ChessBase"]
[SourceQuality "1"]
[TimeControl "40/7200:0"]

1. e4 c5 2. Nf3 e6 3. d4 d5 4. exd5 exd5 5. Bb5+ Nc6 6. O-O Be7 7. dxc5 Bxc5 8. Re1+ Nge7 9. Nbd2 Qb6 10. Qe2 Bxf2+ 11. Qxf2 Qxb5 12. Nb3 O-O 13. Be3 b6 14. Rad1 Be6 15. Nfd4 Nxd4 16. Rxd4 Nf5 17. Rf4 Nxe3 18. Rxe3 Rae8 19. Rg3 Bc8 20. h4 Re2 21. Qd4 Re1+ 22. Kh2 g6 23. h5 Re6 24. Qc3 Qc6 25. hxg6 hxg6 26. Qd3 Re4 27. Nd4 Qe8 28. Rxe4 dxe4 29. Qe3 Kg7 30. Qc3 Rh8+ 31. Kg1 f6 32. Ne2 Qf7 33. Nf4 Bf5 34. a3 Qd7 35. Kf2 Rh4 36. Ke3 Qd6 37. Ne2 Kh6 38. Qd4 Qe7 39. Nc3 g5 40. Nd5 Qe5 41. Qxe5 fxe5 42. Ne7 Bh7 43. Nc6 g4 44. Nxe5 Kg5 45. Nf7+ Kf5 46. Nd6+ Ke5 47. Nc8 Bf5 48. Nxa7 Rh6 49. Nc6+ Rxc6 50. c3 Rd6 51. Ke2 Kf4 52. Re3 Rd3 53. g3+ Ke5 54. Rxd3 exd3+ 55. Ke3 b5 56. b3 Kd5 57. a4 bxa4 58. bxa4 Kc4 59. Kd2 Bh7 60. Ke3 Kxc3 61. a5 d2 0-1

[Event "Klatovy Open-B 2024"]
[Site "Klatovy"]
[Date "2024.07.06"]
[Round "8.12"]
[White "Velkoborsky, Tadeas"]
[Black "Bukvaj, Martin"]
[Result "1-0"]
[ECO "C45"]
[WhiteElo "1578"]
[BlackElo "1687"]
[Annotator "NA RC"]
[PlyCount "49"]
[EventDate "2024.06.21"]
[EventType "swiss"]
[EventCountry "CZE"]
[SourceTitle "playchess.com"]
[Source "ChessBase"]
[SourceQuality "1"]
[TimeControl "40/7200:0"]

1. e4 e5 2. Nf3 Nc6 3. d4 exd4 4. Nxd4 Qf6 5. Be3 Bc5 6. c3 Qg6 7. Nd2 Nge7 8. N2f3 Nxd4 9. cxd4 Bb4+ 10. Nd2 Qxe4 11. a3 Bxd2+ 12. Qxd2 Nd5 13. O-O-O Nxe3 14. Re1 Qc6+ 15. Kb1 O-O 16. Rxe3 d6 17. Rg3 Bf5+ 18. Bd3 Bxd3+ 19. Qxd3 Rae8 20. d5 Qa4 21. Qd2 Qe4+ 22. Ka2 Re5 23. Ka1 Qxd5 24. Qc3 Rfe8 25. f4 1-0

[Event "Klatovy Open-B 2024"]
[Site "Klatovy"]
[Date "2024.07.06"]
[Round "8.13"]
[White "Strazhnyk, Viktoriia"]
[Black "Koupil, Stepan"]
[Result "0-1"]
[ECO "C54"]
[WhiteElo "1609"]
[BlackElo "1685"]
[Annotator "NA RC"]
[PlyCount "80"]
[EventDate "2024.06.21"]
[EventType "swiss"]
[EventCountry "CZE"]
[SourceTitle "playchess.com"]
[Source "ChessBase"]
[SourceQuality "1"]
[TimeControl "40/7200:0"]

1. e4 e5 2. d4 exd4 3. Nf3 Nc6 4. Bc4 Bc5 5. c3 Nf6 6. e5 d5 7. Bb5 Ne4 8. cxd4 Bb4+ 9. Bd2 Nxd2 10. Nbxd2 O-O 11. a3 Ba5 12. b4 Bb6 13. Nb3 Bg4 14. Be2 f6 15. h3 Bh5 16. O-O fxe5 17. dxe5 Re8 18. Bb5 Bxf3 19. Qxf3 Nxe5 20. Qg3 c6 21. Be2 Bc7 22. f4 Ng6 23. Bh5 Bb6+ 24. Kh1 Re3 25. Rf3 Rxf3 26. Qxf3 Qf6 27. Rf1 Rf8 28. g3 Ne7 29. Re1 Nf5 30. Bg4 h6 31. Re5 Nd4 32. Nxd4 Bxd4 33. Re6 Qf7 34. Rd6 Re8 35. Rd7 Re7 36. Rd8+ Re8 37. Rd7 Qg6 38. f5 Qg5 39. Qd1 Qe3 40. Bf3 Qf2 0-1

[Event "Klatovy Open-B 2024"]
[Site "Klatovy"]
[Date "2024.07.06"]
[Round "8.14"]
[White "Kasik, Denis"]
[Black "Lickova, Anna"]
[Result "1-0"]
[ECO "A01"]
[WhiteElo "1596"]
[BlackElo "1725"]
[Annotator "NA RC"]
[PlyCount "115"]
[EventDate "2024.06.21"]
[EventType "swiss"]
[EventCountry "CZE"]
[SourceTitle "playchess.com"]
[Source "ChessBase"]
[SourceQuality "1"]
[TimeControl "40/7200:0"]

1. b3 e5 2. Bb2 Nc6 3. e3 Nf6 4. Bb5 Be7 5. Bxc6 dxc6 6. Bxe5 Qd5 7. Nf3 Bg4 8. Bb2 O-O 9. Nc3 Qh5 10. h3 Bxf3 11. Qxf3 Qxf3 12. gxf3 Rfd8 13. O-O-O b5 14. Rdg1 a5 15. Ne4 Kh8 16. Nxf6 Bxf6 17. Bxf6 gxf6 18. Rg4 Rg8 19. Rhg1 Rg6 20. R1g3 c5 21. Re4 Kg7 22. Kb2 Rd8 23. d3 Rd7 24. Re8 Rd5 25. Ra8 Rh5 26. Rxa5 c6 27. a4 Rxg3 28. fxg3 Rxh3 29. axb5 cxb5 30. Rxb5 Rxg3 31. Rxc5 f5 32. b4 h5 33. b5 Kf6 34. Rc6+ Ke7 35. Rh6 Rxf3 36. Rxh5 Kf6 37. e4 fxe4 38. dxe4 Re3 39. Rf5+ Kg6 40. Rf4 Kg5 41. Rxf7 Rxe4 42. Kb3 Kg6 43. Rf1 Re5 44. c4 Re3+ 45. Kb4 Re4 46. b6 Re6 47. c5 Re4+ 48. Kb5 Re7 49. c6 Re5+ 50. Ka6 Re6 51. c7 Re8 52. b7 Re6+ 53. Ka7 Re8 54. c8=Q Rxc8 55. bxc8=Q Kg5 56. Qf5+ Kh4 57. Qg6 Kh3 58. Rh1# 1-0